 Dungeon Crawl Stone Soup version 0.29-a0-817-g9904bce7a6 (webtiles) character file.

Game seed: 4432427929278809687

24 PezBoy the Trooper (level 3, 24/24 HPs)
             Began as a Gargoyle Fighter on July 5, 2022.
             Was a Follower of Yredelemnul.
             Quit the game on level 1 of the Dungeon.
             The game lasted 00:02:50 (897 turns).

PezBoy the Trooper (Gargoyle Fighter)                Turns: 897, Time: 00:02:51

Health: 24/24      AC: 10    Str: 21    XL:     3   Next: 2%
Magic:  1/3        EV:  9    Int:  8    God:    Yredelemnul [*.....]
Gold:   87         SH:  4    Dex:  9    Spells: 2/2 levels left

rFire   . . .      SeeInvis .   a - +0 flail
rCold   . . .      Faith    .   c - +0 buckler
rNeg    + . .      Spirit   .   b - +0 scale mail
rPois   ∞          Reflect  .   (no helmet)
rElec   +          Harm     .   (no cloak)
rCorr   .          Rampage  .   (no gloves)
Will    .....                   (no boots)
Stlth   ..........              (no amulet)
HPRegen 0.08/turn               (no ring)
MPRegen 0.08/turn               (no ring)

@: no status effects
A: sickness immunity, AC +3, negative energy resistance 1, electricity
resistance, torment resistance 1, petrification resistance
a: Renounce Religion, Recall Undead Harvest


You were on level 1 of the Dungeon.
You worshipped Yredelemnul.
Yredelemnul was noncommittal.
You visited 1 branch of the dungeon, and saw 1 of its levels.

You collected 87 gold pieces.

Inventory:

Hand Weapons
 a - a +0 flail (weapon)
 h - a +0 antimagic whip
Armour
 b - a +0 scale mail (worn)
 c - a +0 buckler (worn)
Scrolls
 g - a scroll of fear {unknown}
Potions
 d - 2 potions of might
 e - a potion of lignification {unknown}
 f - a potion of heal wounds {unknown}


   Skills:
 * Level 3.6 Fighting
 * Level 2.5 Maces & Flails
 - Level 3.2 Armour
 + Level 3.5 Shields
 + Level 0.8 Invocations


You had 2 spell levels left.
You didn't know any spells.
Your spell library contained the following spells:

 Spells                   Type           Power      Damage    Failure   Level
 Beastly Appendage        Tmut           0%         N/A       83%         1
 Magic Dart               Conj           0%         1d3       83%         1
 Call Imp                 Summ           0%         N/A       93%         2
 Wereblood                Tmut           0%         N/A       93%         2
 Mephitic Cloud           Conj/Pois/Air  0%         N/A       99%         3
 Spider Form              Tmut/Pois      0%         N/A       99%         3


Dungeon Overview and Level Annotations

Branches:
Dungeon (1/15)

Altars:
Yredelemnul

Shops:
D:1 *


Innate Abilities, Weirdness & Mutations

You are immune to sickness and miasma.
Your stone body is resilient. (AC +3)
You are immune to poison.
You resist negative energy. (rN+)
You are resistant to electric shocks. (rElec)
You are resistant to unholy torment.
You are immune to petrification.


Message History

The dead are walking!
You swap places.
You swap places.
You swap places.
d - 2 potions of might (gained 1) As you open the door, it creaks loudly!
You can now trade souls for undead servants.
You pick up a book of Changes and begin reading...
You add the spells Beastly Appendage, Wereblood and Spider Form to your library.
You swap places.
You swap places.
You swap places.
You swap places.
You swap places.
You swap places.
You now have 87 gold pieces (gained 18).
You open the door.
There is an open door here.
A giant cockroach comes into view.
You block the giant cockroach's attack.
Your ball python zombie bites the giant cockroach but does no damage.
Your ball python zombie grabs the giant cockroach.
Your ball python zombie constricts the giant cockroach.
The giant cockroach struggles to escape constriction.
Your ball python zombie bites the giant cockroach.
Your ball python zombie constricts the giant cockroach.
The giant cockroach struggles to escape constriction.
Your ball python zombie bites the giant cockroach.
The giant cockroach dies!
You have reached level 3!
Your experience leads to an increase in your attributes!
Increase (S)trength, (I)ntelligence, or (D)exterity?
You feel stronger. x2
You feel magic returning to you.
a - a +0 flail (weapon)
Unknown command.
Welcome back, PezBoy the Gargoyle Fighter.
Yredelemnul says: Carry the black torch!
Rouse the idle dead!
Press ? for a list of commands and other information.
Are you sure you want to abandon this character and quit the game? (Confirm with "yes".)

#..................Z.Z.Z..#Z#
#.#######################.#Z# #.#
#.#.# ####.# #.#Z# #....#
########## #Z#.# ##....#
#........# #.#Z# ......#
#......#.# #Z#Z#
#..##.#######......#.########.#Z#
.........Z.ZZZZ.@............Z#Z#
##..#Z#######......#.##.#####.#Z#
###.#.# #.....##)##.......Z.#
....ZZ#######.....##.########.###
#..ZZ###.............. #.#
..Z.Z###...........### #.#
##Z#.Z##............. #.#
#.##.##...........#### #.#
#Z##ZZ######.##+#.... #.#


You could see a friendly bat zombie, a friendly ball python zombie, 2 friendly
jackal zombies and a friendly endoplasm zombie.

Vanquished Creatures
  3 bats (D:1)
  An endoplasm (D:1)
  A giant cockroach (D:1)
  7 jackals (D:1)
  2 kobolds (D:1)
  A ball python (D:1)
  3 rats (D:1)
18 creatures vanquished.

Vanquished Creatures (collateral kills)
  An endoplasm (D:1)
  A giant cockroach (D:1)
  A frilled lizard (D:1)
3 creatures vanquished.

Vanquished Creatures (others)
  A kobold zombie (D:1)
  A rat zombie (D:1)
2 creatures vanquished.

Grand Total: 23 creatures vanquished

Notes
Turn   | Place    | Note
-------+----------+-------------------------------------------
     0 | D:1      | PezBoy the Gargoyle Fighter began the quest for the Orb.
     0 | D:1      | Reached XP level 1. HP: 14/14 MP: 1/1
     8 | D:1      | Found a faded altar of an unknown god.
    19 | D:1      | Prayed at the altar of an unknown god.
    19 | D:1      | Became a worshipper of Yredelemnul the Dark
    19 | D:1      | Reached * piety under Yredelemnul
   209 | D:1      | Found Rubycag's Assorted Antiques.
   240 | D:1      | Reached XP level 2. HP: 19/19 MP: 2/2
   306 | D:1      | Reached ** piety under Yredelemnul
   896 | D:1      | Reached XP level 3. HP: 24/24 MP: 1/3
   897 | D:1      | Quit the game

Illustrated notes

Levels and vault maps discovered:
D:1:      dpeg_arrival_simpleton_a, layout_basic,
          chequers_ecumenical_altar_simple_redux, serial_shops, shop

Action                   || total
-------------------------++-------
Melee: Flail             ||    19
       Whip              ||    27
 Stab: Distracted        ||     1
Armor: Scale mail        ||    20
Dodge: Dodged            ||    30
Block: Buckler           ||     9

Table legend: (Time is in decaauts)
 A = Elapsed time spent in this place.
 B = Non-inter-level travel time spent in this place.
 C = Inter-level travel time spent in this place.
 D = Time resting spent in this place.
 E = Time spent auto-exploring this place.
 F = Levels seen in this place.
 G = Mean time per level.
                   A        B        C        D        E       F      G
               +--------+--------+--------+--------+--------+-----+--------+
         Total |    903 |    903 |      0 |      0 |    727 |   1 |  903.0 |
       Dungeon |    903 |    903 |      0 |      0 |    727 |   1 |  903.0 |
               +--------+--------+--------+--------+--------+-----+--------+

Top non-repeatable levels by time:
     D:1: 903 daAuts
